 Dungeon Crawl Stone Soup version 0.30-a0-715-gdb4ae3e (webtiles) character file.

Game seed: 6534808719723875152

831 Geeful the Stinger (level 7, -1/47 HPs)
             Began as an Octopode Venom Mage on Jan 24, 2023.
             Slain by a gnoll
             ... wielding a +0 flail
              (8 damage)
             ... on level 5 of the Dungeon.
             The game lasted 00:22:26 (3844 turns).

Geeful the Stinger (Octopode Venom Mage)            Turns: 3844, Time: 00:22:27

Health: -1/47      AC:  1    Str: 14    XL:     7   Next: 98%
Magic:  9/13       EV: 14    Int: 17    God:
Gold:   200        SH:  0    Dex: 14    Spells: 9/14 levels left

rFire   . . .      SeeInvis .    k - +0 dagger (venom)
rCold   . . .      Faith    .    (no shield)
rNeg    . . .      Spirit   .    (helmet restricted)
rPois   .          Reflect  .    (no amulet)
rElec   .          Harm     .    g - +6 ring of strength
rCorr   .          Rampage  .    (no ring)
Will    .....                    (no ring)
Stlth   ++++                     (no ring)
HPRegen 0.27/turn                (no ring)
MPRegen 0.13/turn                (no ring)
                                 (no ring)
                                 (no ring)

@: radiating poison
A: almost no armour, amphibious, 8 rings, camouflage 1, gelatinous body 1,
(nimble swimmer 1), tentacles
a: no special abilities


You were on level 5 of the Dungeon.
You visited 1 branch of the dungeon, and saw 5 of its levels.

You collected 200 gold pieces.

Inventory:

Hand Weapons
 j - a +0 dagger of holy wrath
 k - a +0 dagger of venom (weapon)
Missiles
 c - a throwing net (quivered)
Jewellery
 g - a +6 ring of strength (left tentacle)
Wands
 l - a wand of digging (5)
Scrolls
 b - a scroll of vulnerability
 d - a scroll of enchant weapon
 f - a scroll of fog {unknown}
 h - 2 scrolls of teleportation
 i - a scroll of magic mapping {unknown}
 m - a scroll of amnesia {unknown}
 o - a scroll of silence {unknown}
Potions
 a - a potion of magic
 e - 2 potions of resistance {unknown}
 n - 2 potions of attraction


   Skills:
 + Level 3.7 Fighting
 + Level 4.5 Dodging
 - Level 5.0 Stealth
 + Level 4.1 Spellcasting
 - Level 1.0 Transmutations
 + Level 6.0 Poison Magic


You had 9 spell levels left.
You knew the following spells:

 Your Spells              Type           Power      Damage    Failure   Level
a - Sting                 Tmut/Pois      60%        1d6       3%          1
b - Olgreb's Toxic Radia  Pois           23%        N/A       13%         4

Your spell library contained the following spells:

 Spells                   Type           Power      Damage    Failure   Level
 Poisonous Vapours        Pois/Air       26%        N/A       7%          2
 Mephitic Cloud           Conj/Pois/Air  10%        N/A       21%         3


Dungeon Overview and Level Annotations

Branches:
Dungeon (5/15)
 Temple: D:4-7

Altars:
Elyvilon
Nemelex Xobeh
Trog

Shops:
D:1 (

Annotations:
D:2 exclusion: downstairs
D:4 1 runed translucent door, steven32's ghost, novice OpTm


Innate Abilities, Weirdness & Mutations

You cannot wear most types of armour.
You are amphibious.
You can wear up to eight rings at the same time.
Your skin changes colour to match your surroundings (Stealth+).
Your rubbery body absorbs attacks. (AC +1, EV +1)
((You are camouflaged when in or above water. (Stealth+)))
You have tentacles for arms and can constrict up to eight enemies at once.


Message History

Could not explore, unopened runed door.
The killer bee buzzes angrily.
Steven32's ghost turns its malevolent gaze towards you.
Steven32's ghost wails, "You must not fail where I succeeded!"
This spell is quite dangerous to cast!
Memorise Olgreb's Toxic Radiance, consuming 4 spell levels and leaving 9?
You start memorising the spell.
You continue memorising. x4
You finish memorising.
Spell assigned to 'b'.
(D) Dungeon
Where to? (Enter - D:4, ? - help)
There is a stone staircase leading up here.
There is a stone staircase leading down here.
You climb downwards.
Found a potion of curing and a scroll labelled HIETEO HEMIDO.
There is a stone staircase leading up here.
There are monsters nearby!
The helpless gnoll fails to defend itself.
You puncture the gnoll!
You kill the gnoll!
An adder comes into view.
The adder hisses angrily.
The gnoll shouts!
The gnoll shouts!
You hit the gnoll but do no damage.
The gnoll is poisoned.
Your grab misses the gnoll. The gnoll hits you with a +0 halberd!
You hit the gnoll. Your grab misses the gnoll. You squeeze the gnoll.
The gnoll is moderately wounded.
The gnoll hits you with a +0 flail! The gnoll closely misses you.
You hit the gnoll.
The gnoll looks even sicker.
Your grab misses the gnoll.
The gnoll is heavily wounded.
The gnoll hits you with a +0 flail. The gnoll hits you with a +0 halberd!
* * * LOW HITPOINT WARNING * * *
Casting: Sting (safe; 3% risk of failure)
Confirm with . or Enter, or press ? or * to list all spells.
The spell is quite dangerous to miscast (13% risk of failure)!
Continue anyway?
You begin to radiate toxic energy.
The gnoll is poisoned.
The adder is poisoned.
The gnoll looks as sick as possible!
The gnoll looks even sicker.
You kill the gnoll!
The adder barely misses you. The gnoll hits you with a +0 flail!
You die...

### ####..#
#.....# ###
##.....#
##..##....#
#....#....#
#....@.<..#
#...)gS).##
#..........#
....#.?.....#
##.
##.#.....# #.
..#.....# #
#.........#
..........#


You could see a gnoll (very poisoned) and an adder (poisoned).

Vanquished Creatures
  Sigmund (D:3)
  A sky beast (D:4)
  A black bear (D:4)
  An ogre (D:4)
  A necrophage (D:4)
  2 scorpions (D:4)
  A hound (D:4)
  2 orc priests
  6 gnolls
  An adder (D:3)
  2 worms (D:3)
  3 orcs (D:3)
  6 ball pythons
  2 bats (D:1)
  5 endoplasms
  11 goblins
  4 hobgoblins
  9 jackals
  5 kobolds
  4 quokkas
  A frilled lizard (D:2)
  8 rats
77 creatures vanquished.

Vanquished Creatures (others)
  A quokka (D:3)
1 creature vanquished.

Grand Total: 78 creatures vanquished

Notes
Turn   | Place    | Note
-------+----------+-------------------------------------------
     0 | D:1      | Geeful the Octopode Venom Mage began the quest for the Orb.
     0 | D:1      | Reached XP level 1. HP: 11/11 MP: 3/3
   271 | D:1      | Reached XP level 2. HP: 3/18 MP: 3/5
   463 | D:1      | Found Zipim's Weapon Emporium.
   842 | D:1      | Reached XP level 3. HP: 21/22 MP: 6/6
  1051 | D:2      | Reached skill level 1 in Fighting
  1051 | D:2      | Reached skill level 4 in Poison Magic
  1079 | D:2      | Found a faded altar of an unknown god.
  1416 | D:2      | Reached XP level 4. HP: 27/28 MP: 3/7
  1466 | D:3      | Noticed Sigmund
  1617 | D:3      | Killed Sigmund
  1618 | D:3      | Reached XP level 5. HP: 29/34 MP: 5/9
  1618 | D:3      | Reached XP level 6. HP: 33/39 MP: 5/10
  2100 | D:3      | Found a white marble altar of Elyvilon.
  2386 | D:3      | Noticed a moth of wrath
  2389 | D:3      | Found a bloodstained altar of Trog.
  2644 | D:4      | Reached skill level 5 in Poison Magic
  2668 | D:4      | Found a runed translucent door.
  2670 | D:4      | Noticed steven32's ghost (novice OpTm)
  2686 | D:4      | Found a sparkling altar of Nemelex Xobeh.
  2699 | D:4      | Noticed a sky beast
  2708 | D:4      | Killed a sky beast
  2709 | D:4      | Reached skill level 5 in Stealth
  2709 | D:4      | Reached XP level 7. HP: 36/45 MP: 10/12
  3519 | D:4      | Reached skill level 6 in Poison Magic
  3812 | D:4      | Learned a level 4 spell: Olgreb's Toxic Radiance
  3837 | D:5      | Entered Level 5 of the Dungeon
  3844 | D:5      | Slain by a gnoll

Illustrated notes

Levels and vault maps discovered:
D:1:      dpeg_arrival_castle, layout_basic, serial_shops,
          nicolae_shop_bloodbath_and_beyond
D:2:      layout_rooms, chequers_ecumenical_altar_island
D:3:      layout_basic, tgw_trog, elyvilon_altar_4, uniq_sigmund
D:4:      layout_loops_cross, nicolae_overflow_crystal_walls,
          ebering_ghost_inner_flame, minmay_misc_feat_columns
D:5:      layout_cave_pools, pf_just_have_faith, kennysheep_mini_moat,
          gammafunk_temple_overflow_statue, nzn_wu_jian_council_hall,
          minmay_manual_mess

Skill      XL: |  1  2  3  4  5  6  7 |
---------------+----------------------+-----
Stealth        | 3 4 5 |  5.0
Fighting       | 1 2 3 |  3.7
Poison Magic   | 4 5 6 |  6.0
Dodging        | 3 4 |  4.5
Spellcasting   | 3 4 |  4.1
Transmutations | |  1.0

Action                     |  1- 3 |  4- 6 |  7- 9 || total
---------------------------+-------+-------+-------++-------
  Melee: Unarmed           |    12 |       |       ||    12
         Tentacles         |    16 |    16 |     7 ||    39
         Constrict         |    15 |    15 |     7 ||    37
         Spear             |    58 |    40 |       ||    98
         Dagger            |       |    21 |    25 ||    46
         Punch             |       |     1 |       ||     1
  Throw: Boomerang         |       |       |     2 ||     2
   Cast: Sting             |    13 |    17 |    12 ||    42
         Olgreb's Toxic Ra |       |       |     1 ||     1
    Use: Scroll            |     2 |     2 |     5 ||     9
         Potion            |       |     2 |       ||     2
   Stab: Sleeping          |     8 |     7 |     4 ||    19
 Armour: Skin              |     4 |     4 |     2 ||    10
  Dodge: Dodged            |    36 |    25 |    22 ||    83

Table legend: (Time is in decaauts)
 A = Elapsed time spent in this place.
 B = Non-inter-level travel time spent in this place.
 C = Inter-level travel time spent in this place.
 D = Time resting spent in this place.
 E = Time spent auto-exploring this place.
 F = Levels seen in this place.
 G = Mean time per level.
                   A        B        C        D        E       F      G
               +--------+--------+--------+--------+--------+-----+--------+
         Total |   3852 |   3738 |    114 |     97 |   2695 |   5 |  770.4 |
       Dungeon |   3852 |   3738 |    114 |     97 |   2695 |   5 |  770.4 |
               +--------+--------+--------+--------+--------+-----+--------+

Top non-repeatable levels by time:
     D:4: 1244 daAuts
     D:3: 1133 daAuts
     D:1: 958 daAuts
     D:2: 509 daAuts
     D:5: 6 daAuts
